[Event "Titled Tuesday Blitz August 1 Early 2023"]
[White "Gauri, Shankar"]
[Black "Preotu, Razvan"]
[WhiteFideId "5041350"]
[BlackFideId "2613280"]
[WhiteElo "2551"]
[BlackElo "2723"]
[Result "1/2-1/2"]
[Round "6"]
[TimeControl "180+1"]
[Date "2023.08.01"]
[WhiteClock "0:00:23"]
[BlackClock "0:00:15"]
[Board "65"]

1. e4 c5 2. Nf3 d6 3. Bb5+ Nd7 4. O-O a6 5. Bd3 Ngf6 6. Re1 e6 7. c3 b5 8. Bc2 Bb7 9. d4 Be7 10. Nbd2 Qc7 11. Bd3 O-O 12. a4 cxd4 13. cxd4 b4 14. Nb3 a5 15. Bg5 Ba6 16. Rc1 Qb6 17. Bb1 h6 18. Bh4 Rfd8 19. h3 Nf8 20. Qd2 Ng6 21. Bg3 e5 22. Red1 Nh5 23. Bh2 Nhf4 24. Bxf4 Nxf4 25. Kh2 Bf6 26. d5 Rac8 27. g3 Ng6 28. Kg2 Nf8 29. Qe3 Qxe3 30. fxe3 Ra8 31. Kf2 Nd7 32. Nxa5 Be2 33. Kxe2 Rxa5 34. b3 Nc5 35. Bc2 g6 36. Ne1 Rc8 37. Nd3 Nxd3 38. Bxd3 Rac5 39. Rc4 Rxc4 40. Bxc4 Bd8 41. Rc1 Ba5 42. Kd2 Kf8 43. Rf1 Ke7 44. g4 Bb6 45. Kd3 Rc7 46. Rc1 Rc8 47. Rc2 Rc7 48. Ra2 Ra7 49. Rc2 Rc7 50. Ke2 Rc8 51. Bd3 Rxc2+ 52. Bxc2 Kd8 53. Kd3 Kc7 54. Kc4 Bc5 55. Kb5 Kb7 56. Bd3 g5 57. Be2 Kc7 58. Ka6 f6 59. Kb5 Kb7 60. Bd3 Kc7 61. a5 Kb7 62. a6+ Kc7 63. Ka4 Kb6 64. Be2 Kc7 65. Kb5 Bxe3 66. Kxb4 Kb6 67. Kc4 Kxa6 68. Kb4+ Kb6 69. Kc4 Bf4 70. b4 Bg3 71. Kb3 Bh4 72. Ka4 Bg3 73. Bb5 Bh4 74. Bd7 Bg3 75. Bf5 Bh4 76. Kb3 Bg3 77. Kc4 Bh4 78. Bg6 Bg3 79. Bf5 Bh4 80. Bg6 Bg3 81. Bf5 1/2-1/2


[Site "https://www.chess.com"]

[Event "Titled Tuesday Blitz August 1 Early 2023"]
[White "Fonseca Manrique, Enrique"]
[Black "Dimitrov, Atanas"]
[WhiteFideId "5114330"]
[BlackFideId "2901315"]
[WhiteElo "2549"]
[BlackElo "2710"]
[Result "0-1"]
[Round "6"]
[TimeControl "180+1"]
[Date "2023.08.01"]
[WhiteClock "0:00:00"]
[BlackClock "0:00:03"]
[Board "66"]

1. e4 c5 2. Nf3 d6 3. d4 cxd4 4. Nxd4 Nf6 5. Nc3 Nc6 6. Bc4 e6 7. Be3 Be7 8. Qe2 Bd7 9. Nxc6 Bxc6 10. f3 Qc7 11. Bb3 O-O 12. O-O-O Rfd8 13. g4 a6 14. h4 Rac8 15. h5 Nd7 16. g5 Nc5 17. g6 Nxb3+ 18. axb3 Bf6 19. gxh7+ Kh8 20. Bd4 Qe7 21. Qf2 Rd7 22. h6 g6 23. Rhe1 Kxh7 24. f4 Bxd4 25. Rxd4 Rcd8 26. f5 Qg5+ 27. Kb1 Rg8 28. Rd3 Qf6 29. Qe2 gxf5 30. exf5 exf5 31. Nd5 Bxd5 32. Rxd5 Rg6 33. Qd3 Rg5 34. Rf1 Kg6 35. h7 Kxh7 36. Rdxf5 Rxf5 37. Rxf5 Qg6 38. Qf3 Kg7 39. Qf4 f6 40. Rd5 Qg1+ 41. Ka2 Qg6 42. Rd3 Kf7 43. Qc4+ d5 44. Rxd5 Rxd5 45. Qxd5+ Kg7 46. Qxb7+ Qf7 47. Qg2+ Qg6 48. Qb7+ Qf7 49. Qxa6 f5 50. Qf1 f4 51. Qf3 Kg6 52. c4 Kf5 53. Qd3+ Kg4 54. Qe2+ f3 55. Qf2 Qf4 56. c5 Qg3 57. Qd4+ Kh3 58. c6 f2 59. Qh8+ Kg2 60. Qa8 Qf3 61. c7 Qxa8+ 0-1


[Site "https://www.chess.com"]

[Event "Titled Tuesday Blitz August 1 Early 2023"]
[White "Ganiev, Roman"]
[Black "Ning, Kaiyu"]
[WhiteFideId "4131452"]
[BlackFideId "8614750"]
[WhiteElo "2549"]
[BlackElo "2710"]
[Result "0-1"]
[Round "6"]
[TimeControl "180+1"]
[Date "2023.08.01"]
[WhiteClock "0:00:01"]
[BlackClock "0:02:02"]
[Board "67"]

1. e4 c5 2. Nf3 Nc6 3. Bb5 e6 4. Bxc6 bxc6 5. d3 Qc7 6. O-O Ne7 7. b3 Ng6 8. Bb2 e5 9. Nbd2 Be7 10. Nc4 d6 11. a4 O-O 12. Ne3 Be6 13. Nf5 Qd7 14. Nxe7+ Qxe7 15. Nd2 f5 16. exf5 Rxf5 17. Ne4 Raf8 18. f3 Nf4 19. Qd2 Rh5 20. Ng3 Rxh2 21. Kxh2 Qh4+ 22. Kg1 Qxg3 23. b4 Rf6 24. bxc5 Rh6 25. cxd6 Nh3+ 0-1


[Site "https://www.chess.com"]

[Event "Titled Tuesday Blitz August 1 Early 2023"]
[White "Brodowski, Piotr"]
[Black "Andreev, Konstantin"]
[WhiteFideId "1124480"]
[BlackFideId "24239305"]
[WhiteElo "2707"]
[BlackElo "2545"]
[Result "1-0"]
[Round "6"]
[TimeControl "180+1"]
[Date "2023.08.01"]
[WhiteClock "0:01:00"]
[BlackClock "0:00:56"]
[Board "68"]

1. e4 c5 2. Nf3 e6 3. b3 Nc6 4. Bb2 b6 5. e5 Bb7 6. Nc3 d5 7. exd6 Bxd6 8. Ne4 f6 9. Bc4 Kf7 10. Qe2 Qe7 11. O-O-O Nh6 12. Rhe1 Rae8 13. Bxe6+ Kxe6 14. Nxf6+ Kf7 15. Ng5+ Kf8 16. Qc4 gxf6 17. Rxe7 Bxe7 18. Ne6+ Kg8 19. Nxc5+ Nf7 20. Nxb7 1-0


[Site "https://www.chess.com"]

[Event "Titled Tuesday Blitz August 1 Early 2023"]
[White "Panesar Vedant"]
[Black "Siniauski, Artsiom"]
[WhiteFideId "35033018"]
[BlackFideId "13512269"]
[WhiteElo "2702"]
[BlackElo "2580"]
[Result "1-0"]
[Round "6"]
[TimeControl "180+1"]
[Date "2023.08.01"]
[WhiteClock "0:00:12"]
[BlackClock "0:00:08"]
[Board "69"]

1. d4 Nf6 2. c4 e6 3. g3 d5 4. Bg2 Bb4+ 5. Bd2 Be7 6. Nf3 O-O 7. Qc2 c6 8. O-O Nbd7 9. Bf4 Ne4 10. h4 b6 11. Nbd2 Nxd2 12. Nxd2 Bb7 13. e3 Rc8 14. Qa4 a6 15. e4 b5 16. cxb5 cxb5 17. Qd1 dxe4 18. Nxe4 Bxe4 19. Bxe4 Nf6 20. Bb7 Rc4 21. Be5 Qb6 22. Bf3 Nd7 23. Rc1 Nxe5 24. dxe5 Rxc1 25. Qxc1 Qd4 26. Re1 Bc5 27. Re2 Rd8 28. Kg2 g6 29. h5 Bb6 30. Qg5 Rc8 31. Rd2 Bd8 32. Rxd4 Bxg5 33. Be4 Kg7 34. Rd6 a5 35. Ra6 Rc4 36. Bd3 Rc5 37. hxg6 hxg6 38. Rxa5 Bd8 39. Rxb5 Rc1 40. a4 Rd1 41. Be4 Rd4 42. Bf3 Rxa4 43. Rb7 Ba5 44. b3 Ra3 45. Ra7 Bb4 46. Rxa3 Bxa3 47. Be4 Kf8 48. Kf1 Ke7 49. Ke2 Kd7 50. Kd3 Kc7 51. Kc4 Kb6 52. b4 Bb2 53. f4 Bc1 54. b5 Be3 55. Bc6 Bf2 56. g4 Bg3 57. Kd3 Bxf4 58. Ke4 g5 59. Be8 Kc5 60. Bxf7 Kxb5 61. Bxe6 Kc6 62. Kf5 Kc7 63. Kf6 Kd8 64. Bf7 Bc1 65. e6 Bb2+ 66. Kxg5 Ke7 67. Kf5 Ba1 68. Bg6 Bb2 69. Bf7 Ba1 70. Ke4 Bb2 71. Kd5 Bf6 72. Bg6 Bh4 73. Bf5 Bf6 74. Be4 Bh4 75. Bd3 Bf6 76. Bc4 Bh4 77. Ke4 Bf6 78. Kf5 Bb2 79. g5 Bc3 80. Kg6 Bd4 81. Kh7 Kf8 82. g6 Bc3 83. Bb3 Bb2 84. Kh6 Ke7 85. g7 1-0


[Site "https://www.chess.com"]

[Event "Titled Tuesday Blitz August 1 Early 2023"]
[White "Ordekalog"]
[Black "nickVet"]
[WhiteElo "2538"]
[BlackElo "2702"]
[Result "0-1"]
[Round "6"]
[TimeControl "180+1"]
[Date "2023.08.01"]
[WhiteClock "0:00:43"]
[BlackClock "0:01:47"]
[Board "70"]

1. d4 d5 2. c4 c6 3. cxd5 cxd5 4. Nc3 Nf6 5. Bf4 Nc6 6. e3 a6 7. Nf3 Bg4 8. h3 Bxf3 9. Qxf3 e6 10. Bd3 Bd6 11. O-O Bxf4 12. Qxf4 O-O 13. Rad1 Rc8 14. Bb1 Qc7 15. Qh4 Ne7 16. f4 Nf5 17. Qf2 Nd6 18. Qf3 b5 19. g4 b4 20. g5 bxc3 21. gxf6 c2 22. Qg2 Nf5 23. fxg7 Rfd8 0-1


[Site "https://www.chess.com"]

[Event "Titled Tuesday Blitz August 1 Early 2023"]
[White "Oleksiyenko, Mykhaylo"]
[Black "Fiorito, Francisco"]
[WhiteFideId "4152417"]
[BlackFideId "180165"]
[WhiteElo "2701"]
[BlackElo "2536"]
[Result "1-0"]
[Round "6"]
[TimeControl "180+1"]
[Date "2023.08.01"]
[WhiteClock "0:01:44"]
[BlackClock "0:00:00"]
[Board "71"]

1. e4 e5 2. Nf3 Nf6 3. Nxe5 d6 4. Nf3 Nxe4 5. Qe2 Qe7 6. d3 Nf6 7. Bg5 Qxe2+ 8. Bxe2 Be7 9. Nc3 h6 10. Bd2 c6 11. O-O-O Bg4 12. h3 Bxf3 13. Bxf3 Nbd7 14. Rde1 Kd8 15. g4 Re8 16. h4 Ne5 17. Be2 Nexg4 18. Rhg1 h5 19. f3 Ne5 20. Rxg7 Bf8 21. Rg2 Ng6 22. Bg5 Be7 23. f4 Kc7 24. Bd1 b5 25. Rxe7+ Rxe7 26. Bxf6 Re1 27. Bg5 Rae8 28. Kd2 f6 29. Bxh5 fxg5 30. Bxg6 R8e6 31. f5 1-0


[Site "https://www.chess.com"]

[Event "Titled Tuesday Blitz August 1 Early 2023"]
[White "Palczert, Matyas"]
[Black "Schnaider, Ilan"]
[WhiteFideId "784958"]
[BlackFideId "169013"]
[WhiteElo "2536"]
[BlackElo "2699"]
[Result "1-0"]
[Round "6"]
[TimeControl "180+1"]
[Date "2023.08.01"]
[WhiteClock "0:00:06"]
[BlackClock "0:00:02"]
[Board "72"]

1. e4 c5 2. Nf3 d6 3. d4 cxd4 4. Nxd4 Nf6 5. Nc3 a6 6. Qf3 Nc6 7. Be3 h5 8. h3 Bg4 9. hxg4 hxg4 10. Qxf6 Rxh1 11. Nxc6 bxc6 12. Qd4 Rb8 13. O-O-O Qa5 14. Kb1 e5 15. Qc4 Qc7 16. Qxa6 Be7 17. Bc1 Bf6 18. Nd5 Qd7 19. Nxf6+ gxf6 20. Bb5 cxb5 21. Rxh1 Ke7 22. Rd1 b4 23. Be3 Qc7 24. Qd3 Ra8 25. Qb3 Qa5 26. Bd2 Rb8 27. a3 Qa8 28. Bxb4 Ke8 29. Qd5 Qa6 30. Qxd6 Qxd6 31. Rxd6 Rc8 32. Rxf6 Rc4 33. Bc3 Rxe4 34. a4 Rxa4 35. Bxe5 Re4 36. Bc3 Ke7 37. b3 Re2 38. Kb2 Re4 39. f3 Re2 40. fxg4 Rxg2 41. Rf4 Ke6 42. Rc4 f6 43. Rc6+ Kd7 44. Rxf6 Rxg4 45. Rf1 Kc7 46. Rd1 Kc6 47. Rd4 Rg3 48. b4 Kb5 49. Kb3 Rg5 50. Re4 Kb6 51. Re6+ Kb7 52. Ka4 Rg3 53. Be5 Re3 54. b5 Re4+ 55. Ka5 Re1 56. Re7+ Ka8 57. Kb6 Rxe5 58. Rxe5 Kb8 59. Re8# 1-0


[Site "https://www.chess.com"]

[Event "Titled Tuesday Blitz August 1 Early 2023"]
[White "Heinemann, Josefine"]
[Black "Zeynalli, Rashad"]
[WhiteFideId "12900460"]
[BlackFideId "13403320"]
[WhiteElo "2534"]
[BlackElo "2698"]
[Result "0-1"]
[Round "6"]
[TimeControl "180+1"]
[Date "2023.08.01"]
[WhiteClock "0:01:58"]
[BlackClock "0:02:24"]
[Board "73"]

1. e4 c6 2. Nf3 d5 3. d3 dxe4 4. dxe4 Qxd1+ 5. Kxd1 Bg4 6. Be2 Nd7 7. Ne1 Bxe2+ 8. Kxe2 Nc5 9. f3 e5 10. Be3 Ne6 11. c3 Bc5 12. Nd3 Bxe3 13. Kxe3 f6 14. Nd2 Ne7 15. a4 a5 16. Nc4 Kf7 17. h4 h5 18. g3 Rhd8 19. Rad1 b5 20. axb5 cxb5 21. Nxa5 Rxa5 0-1


[Site "https://www.chess.com"]

[Event "Titled Tuesday Blitz August 1 Early 2023"]
[White "SmirnovAlexandrA"]
[Black "Alamzhi21"]
[WhiteElo "2530"]
[BlackElo "2697"]
[Result "1-0"]
[Round "6"]
[TimeControl "180+1"]
[Date "2023.08.01"]
[WhiteClock "0:00:31"]
[BlackClock "0:00:00"]
[Board "74"]

1. e4 c5 2. Nf3 e6 3. g3 Nc6 4. Bg2 d6 5. O-O Nf6 6. Qe2 Be7 7. d3 O-O 8. c3 e5 9. h3 Re8 10. Na3 Bf8 11. Nc4 b5 12. Ne3 b4 13. Bd2 a5 14. Rad1 Ba6 15. Nh2 Rb8 16. Nf5 bxc3 17. bxc3 Rb2 18. a4 g6 19. Ne3 Bh6 20. Nhg4 Nxg4 21. Nxg4 Bg7 22. f4 exf4 23. gxf4 Bxc3 24. f5 Nd4 25. Qe3 Nxf5 26. Qf4 Bxd2 27. Rxd2 Rxd2 28. Qxd2 Nd4 29. Nh6+ Kg7 30. Rxf7+ Kh8 31. Ra7 Qf6 32. Rxa6 Rb8 33. Ng4 Qh4 34. Qf2 Rb1+ 35. Kh2 Qxf2 36. Nxf2 Rb2 37. Ng4 Nf3+ 38. Kg3 Ne1 39. Bf3 Nxd3 40. Ra7 Kg8 41. Nf6+ Kf8 42. Nxh7+ Kg8 43. Nf6+ Kf8 44. Bg4 Ne5 45. Kh4 Rb4 46. Kg5 Nf7+ 47. Kxg6 Ne5+ 48. Kf5 Rxa4 49. Ke6 1-0


[Site "https://www.chess.com"]

[Event "Titled Tuesday Blitz August 1 Early 2023"]
[White "Sreyas Payyappat"]
[Black "Morefield, Jason"]
[WhiteFideId "46674969"]
[BlackFideId "30920825"]
[WhiteElo "2529"]
[BlackElo "2696"]
[Result "0-1"]
[Round "6"]
[TimeControl "180+1"]
[Date "2023.08.01"]
[WhiteClock "0:01:05"]
[BlackClock "0:01:34"]
[Board "75"]

1. e4 c5 2. Nf3 d6 3. d4 cxd4 4. Nxd4 Nf6 5. Nc3 Nc6 6. h4 g6 7. f3 Bg7 8. Be3 Bd7 9. Qd2 h5 10. Be2 a6 11. O-O-O Rc8 12. Kb1 Ne5 13. Nd5 Nxd5 14. exd5 Nc4 15. Bxc4 Rxc4 16. Rhe1 O-O 17. c3 Qa5 18. Bf2 Bf6 19. Nb3 Bf5+ 20. Ka1 Qxa2+ 21. Kxa2 Ra4# 0-1


[Site "https://www.chess.com"]

[Event "Titled Tuesday Blitz August 1 Early 2023"]
[White "Jaskolka, Tomasz"]
[Black "only_strong_moves"]
[WhiteFideId "1170791"]
[WhiteElo "2527"]
[BlackElo "2694"]
[Result "0-1"]
[Round "6"]
[TimeControl "180+1"]
[Date "2023.08.01"]
[WhiteClock "0:00:13"]
[BlackClock "0:00:06"]
[Board "76"]

1. d4 d5 2. Nc3 Nf6 3. Bf4 c5 4. e4 Nxe4 5. Nxe4 dxe4 6. dxc5 Qa5+ 7. c3 Qxc5 8. Qa4+ Nc6 9. Qxe4 g6 10. Nf3 Bg7 11. Rd1 Bf5 12. Qa4 Qb6 13. Qb5 Qxb5 14. Bxb5 O-O 15. O-O e5 16. Be3 Rfd8 17. h3 h6 18. Rfe1 a6 19. Bxc6 bxc6 20. b3 Bc2 21. Rc1 Bd3 22. Bb6 Re8 23. c4 a5 24. Nd2 a4 25. b4 e4 26. f3 Bb2 27. Rcd1 Bc2 28. Nxe4 Bxd1 29. Rxd1 f5 30. Ng3 Be5 31. Nf1 Rab8 32. Bc5 Rbd8 33. Rxd8 Rxd8 34. Kf2 Bd4+ 35. Bxd4 Rxd4 36. b5 cxb5 37. cxb5 Rb4 38. Ne3 Rxb5 39. Nc4 Rb4 40. Ne5 Kg7 41. Nd3 Rb1 42. Ke3 Ra1 43. Nb4 Rb1 44. a3 Rb3+ 45. Kf4 Rxa3 46. Nc6 Rb3 47. Nd4 Rb4 48. Ke5 a3 49. Ne6+ Kg8 50. Nc5 a2 51. Kf6 a1=Q+ 52. Kxg6 Qg7+ 53. Kxf5 Qg5+ 54. Ke6 Rb6+ 55. Kd7 Qxc5 56. Ke8 Rb7 57. f4 Qc8# 0-1


[Site "https://www.chess.com"]

[Event "Titled Tuesday Blitz August 1 Early 2023"]
[White "Goltseva, Ekaterina"]
[Black "Gunina, Valentina"]
[WhiteFideId "24173770"]
[BlackFideId "4167570"]
[WhiteElo "2527"]
[BlackElo "2691"]
[Result "0-1"]
[Round "6"]
[TimeControl "180+1"]
[Date "2023.08.01"]
[WhiteClock "0:00:03"]
[BlackClock "0:02:00"]
[Board "77"]

1. Nf3 d5 2. d4 Nf6 3. c4 c6 4. g3 Bf5 5. Nc3 e6 6. Nh4 dxc4 7. Nxf5 exf5 8. e3 Nbd7 9. Bxc4 Nb6 10. Bb3 Qd7 11. Bd2 Be7 12. Qf3 g6 13. h3 h5 14. O-O-O a5 15. a3 a4 16. Ba2 Nbd5 17. g4 fxg4 18. hxg4 Nxc3 19. Bxc3 Qxg4 20. Qxg4 Nxg4 21. d5 O-O 22. Rdg1 Bf6 23. Bxf6 Nxf6 24. dxc6 Kg7 25. cxb7 Ra7 26. Rh4 Rb8 27. e4 Raxb7 28. e5 Ng4 29. Rd1 Rxb2 30. Rd2 Rxd2 31. Kxd2 Rb2+ 32. Kc3 Rxa2 0-1


[Site "https://www.chess.com"]

[Event "Titled Tuesday Blitz August 1 Early 2023"]
[White "Souleidis, Georgios"]
[Black "Sokolovsky, Yahli"]
[WhiteFideId "4206827"]
[BlackFideId "2820242"]
[WhiteElo "2525"]
[BlackElo "2690"]
[Result "1-0"]
[Round "6"]
[TimeControl "180+1"]
[Date "2023.08.01"]
[WhiteClock "0:00:14"]
[BlackClock "0:00:05"]
[Board "78"]

1. e4 d6 2. d4 Nf6 3. Nc3 g6 4. Nf3 Bg7 5. Be2 O-O 6. O-O a6 7. Re1 Nc6 8. d5 Na7 9. a4 e5 10. dxe6 Bxe6 11. Nd4 Bd7 12. Bg5 h6 13. Bh4 Nc6 14. Nxc6 Bxc6 15. Bc4 Qd7 16. a5 Rae8 17. f3 Nh5 18. Qd2 Kh7 19. g4 Nf6 20. Bg3 Ng8 21. Rad1 Qd8 22. b4 Qg5 23. Bf4 Qh4 24. Nd5 Rc8 25. Bg3 Qg5 26. Qe2 Bxd5 27. Bxd5 c6 28. Bb3 Be5 29. Qe3 Qxe3+ 30. Rxe3 Rcd8 31. Red3 Bf6 32. Bxd6 Rfe8 33. Bxf7 Kg7 34. Bxe8 Rxe8 35. Bg3 Ne7 36. Rd7 g5 37. Rxb7 Rc8 38. Rdd7 c5 39. Bd6 cxb4 40. Bxe7 Bxe7 41. Rxe7+ Kf6 42. Rec7 Rd8 43. Rxb4 Rd1+ 44. Kg2 h5 45. gxh5 g4 46. fxg4 Kg5 47. e5 Kh4 48. e6 Rd2+ 49. Kf3 Rd1 50. Re4 Re1 51. Rxe1 Kg5 52. Kg3 Kf6 53. Rf7+ Kg5 54. Rf5+ Kh6 55. h4 Kg7 56. e7 Kh6 57. Kf4 1-0


[Site "https://www.chess.com"]

[Event "Titled Tuesday Blitz August 1 Early 2023"]
[White "Martinez Reyes, Pedro Ramon"]
[Black "Nagare Kaivalya Sandip"]
[WhiteFideId "3901807"]
[BlackFideId "25957929"]
[WhiteElo "2522"]
[BlackElo "2687"]
[Result "1-0"]
[Round "6"]
[TimeControl "180+1"]
[Date "2023.08.01"]
[WhiteClock "0:00:03"]
[BlackClock "0:00:04"]
[Board "79"]

1. d4 Nf6 2. Nc3 d5 3. Bg5 Nbd7 4. f3 h6 5. Bh4 e6 6. e4 Be7 7. e5 Ng8 8. Bf2 c5 9. f4 h5 10. f5 cxd4 11. Bxd4 Nh6 12. fxe6 fxe6 13. Qxh5+ Nf7 14. Qg6 Nf8 15. Qxg7 Rh6 16. Bd3 Bh4+ 17. g3 Qg5 18. Qxg5 Bxg5 19. Nf3 Be7 20. Nb5 Kd8 21. Nxa7 Bd7 22. Bb6+ Ke8 23. Nb5 Bd8 24. Bd4 Ng6 25. Nc3 Bc7 26. Bxg6 Rxg6 27. Ne2 Ke7 28. Nf4 Rgg8 29. a3 b6 30. O-O Nh6 31. Rae1 Nf5 32. Kf2 Rac8 33. c3 Rh8 34. g4 Nxd4 35. cxd4 Rcg8 36. Kg3 Be8 37. h4 Bd8 38. Ng5 Bd7 39. Nf3 Ke8 40. g5 Rg7 41. Kg4 Rhg8 42. Nh5 Rg6 43. Nf4 R6g7 44. Nh5 Rh7 45. Nf6+ Bxf6 46. exf6 e5+ 47. Kg3 e4 48. Ne5 Be6 49. f7+ Bxf7 50. Rf6 b5 51. Ref1 Rgg7 52. Rb6 e3 53. Re1 Rh5 54. Rxe3 Rhxg5+ 55. hxg5 Rxg5+ 56. Kf4 Rf5+ 57. Kxf5 Kf8 1-0


[Site "https://www.chess.com"]

[Event "Titled Tuesday Blitz August 1 Early 2023"]
[White "Materia, Marco"]
[Black "Berezin, Viktor"]
[WhiteFideId "45150451"]
[BlackFideId "14107872"]
[WhiteElo "2674"]
[BlackElo "2519"]
[Result "1-0"]
[Round "6"]
[TimeControl "180+1"]
[Date "2023.08.01"]
[WhiteClock "0:01:30"]
[BlackClock "0:00:12"]
[Board "80"]

1. d4 Nf6 2. c4 g6 3. Nf3 Bg7 4. Nc3 O-O 5. Bg5 d6 6. e3 c6 7. Be2 Nbd7 8. O-O e5 9. Qc2 Qc7 10. Rad1 Re8 11. b4 Nf8 12. c5 exd4 13. cxd6 Qxd6 14. Rxd4 Qc7 15. Bxf6 Bxf6 16. Nd5 Qd8 17. Nxf6+ Qxf6 18. Rfd1 Bf5 19. Qd2 Ne6 20. Rd7 Rad8 21. Qe1 Rxd7 22. Rxd7 Nc5 23. Rd4 Ne6 24. Rd1 Rd8 25. Rxd8+ Qxd8 26. h3 Bd3 27. Bd1 Bc4 28. a3 Qd5 29. Bc2 Bd3 30. Bxd3 Qxd3 31. Qa1 b6 32. Ne5 Qd5 33. Ng4 Qd2 34. Qf6 Qd1+ 35. Kh2 Kf8 36. Ne5 Nd8 37. f4 Qd5 38. f5 gxf5 39. Qxf5 Qe6 40. Qf4 Ke7 41. Qh4+ Qf6 42. Qg3 c5 43. bxc5 bxc5 44. Nc4 Qe6 45. Qc7+ Ke8 46. Nd6+ Kf8 47. Qxd8+ Kg7 48. Qg5+ 1-0


[Site "https://www.chess.com"]

[Event "Titled Tuesday Blitz August 1 Early 2023"]
[White "Skliarov, Viktor"]
[Black "Hoang, Thi Bao Tram"]
[WhiteFideId "14106736"]
[BlackFideId "12401102"]
[WhiteElo "2670"]
[BlackElo "2513"]
[Result "0-1"]
[Round "6"]
[TimeControl "180+1"]
[Date "2023.08.01"]
[WhiteClock "0:00:00"]
[BlackClock "0:00:33"]
[Board "81"]

1. e4 c6 2. d4 d5 3. e5 g6 4. h3 Bg7 5. Nf3 f6 6. Bd3 Nh6 7. exf6 exf6 8. O-O O-O 9. Re1 a5 10. Nc3 Na6 11. a3 Nc7 12. Ne2 Ne6 13. Ng3 Qd6 14. a4 Bd7 15. b3 Rfe8 16. Ba3 Qc7 17. c4 Qb6 18. Bc2 Rad8 19. cxd5 cxd5 20. Qd2 Nf7 21. h4 Bh6 22. Qd1 Ng7 23. h5 f5 24. hxg6 hxg6 25. Ne5 Nxe5 26. dxe5 Bc6 27. Bd6 Re6 28. Ne2 Ree8 29. Nd4 Ne6 30. Nxc6 bxc6 31. Bd3 Bf8 32. Bxf8 Nxf8 33. Qd2 Qd4 34. Rad1 Rxe5 35. Rxe5 Qxe5 36. Qxa5 Re8 37. Bf1 Qb2 38. Qb6 Qc2 39. Rd3 Re6 40. a5 Re1 41. Re3 Rc1 42. Qa6 d4 43. Re7 d3 44. Qc4+ Qxc4 45. bxc4 d2 0-1


[Site "https://www.chess.com"]

[Event "Titled Tuesday Blitz August 1 Early 2023"]
[White "Erzhanov, Arman"]
[Black "Poormosavi, Seyed Kian"]
[WhiteFideId "4138821"]
[BlackFideId "12585807"]
[WhiteElo "2509"]
[BlackElo "2664"]
[Result "0-1"]
[Round "6"]
[TimeControl "180+1"]
[Date "2023.08.01"]
[WhiteClock "0:00:00"]
[BlackClock "0:01:04"]
[Board "82"]

1. e4 c6 2. d4 d5 3. exd5 cxd5 4. Bd3 Nf6 5. h3 Nc6 6. c3 g6 7. Nf3 Bg7 8. O-O O-O 9. Re1 Bf5 10. Bf1 Qd6 11. Bg5 Ne4 12. Be3 h6 13. Nbd2 g5 14. Nxe4 Bxe4 15. Bd3 f5 16. Bb5 f4 17. Bd2 Rad8 18. Ba4 Qg6 19. Nh2 h5 20. f3 Bf5 21. Bxc6 bxc6 22. Rxe7 c5 23. dxc5 d4 24. Qe1 Bf6 25. Rxa7 Rfe8 26. Qf2 dxc3 27. Bxc3 Bxc3 28. bxc3 Qf6 29. Qb2 Qe5 30. Qb3+ Be6 31. Qb4 Qe3+ 32. Kh1 Qe2 33. Nf1 Bxh3 34. gxh3 Qxf3+ 35. Kg1 Re2 36. Qc4+ Kh8 37. Qxe2 Qxe2 38. c6 f3 39. Ne3 Qxe3+ 40. Kh1 Qe2 41. Rg1 Rd1 0-1


[Site "https://www.chess.com"]

[Event "Titled Tuesday Blitz August 1 Early 2023"]
[White "Tan, Jun Ying"]
[Black "Liu, Casper"]
[WhiteFideId "5710413"]
[BlackFideId "1454153"]
[WhiteElo "2660"]
[BlackElo "2505"]
[Result "1-0"]
[Round "6"]
[TimeControl "180+1"]
[Date "2023.08.01"]
[WhiteClock "0:00:07"]
[BlackClock "0:00:51"]
[Board "83"]

1. Nf3 d6 2. d4 g6 3. g3 Bg7 4. Bg2 Bd7 5. O-O Qc8 6. c4 Bh3 7. Nc3 h5 8. Re1 h4 9. Bxh3 Qxh3 10. Ng5 Qd7 11. e4 Nc6 12. Be3 Nf6 13. Qf3 hxg3 14. fxg3 Bh6 15. Rad1 Bxg5 16. Bxg5 O-O-O 17. Bxf6 exf6 18. Qxf6 Qh3 19. Qf2 f5 20. Qg2 Qh6 21. Nd5 Rdf8 22. b4 f4 23. Nxf4 g5 24. Nd5 Qg7 25. Qd2 Rh6 26. b5 Nd8 27. Qa5 Rfh8 28. Re2 Kb8 29. c5 Ne6 30. cxd6 cxd6 31. Qb4 Nf4 32. gxf4 gxf4+ 33. Rg2 Qh7 34. Qd2 Qxe4 35. Nxf4 Rf6 36. Rf1 Rhf8 37. Rgf2 Qf5 38. Ng2 Qg6 39. Rxf6 Rxf6 40. Rxf6 Qxf6 41. Qf4 Qe7 42. h4 Qe2 43. Kh2 Kc8 44. Qxd6 Qg4 45. Qc5+ Kb8 46. Qf8+ Kc7 47. Qf4+ 1-0


[Site "https://www.chess.com"]

[Event "Titled Tuesday Blitz August 1 Early 2023"]
[White "Kwon, Sehyun"]
[Black "Molenda, Marcin"]
[WhiteFideId "13203088"]
[BlackFideId "1173065"]
[WhiteElo "2656"]
[BlackElo "2502"]
[Result "0-1"]
[Round "6"]
[TimeControl "180+1"]
[Date "2023.08.01"]
[WhiteClock "0:00:01"]
[BlackClock "0:00:09"]
[Board "84"]

1. Nf3 d5 2. b3 c5 3. Bb2 Nc6 4. e3 Bg4 5. Bb5 f6 6. h3 Bh5 7. Bxc6+ bxc6 8. d4 e6 9. O-O Nh6 10. Re1 Bd6 11. Nbd2 O-O 12. c4 cxd4 13. exd4 Qd7 14. Rc1 Rae8 15. Qc2 Bg6 16. Qc3 Rc8 17. Qa5 Rfe8 18. Qa4 Qb7 19. Ba3 Bf4 20. Bc5 a6 21. Qa3 e5 22. dxe5 fxe5 23. Be3 Bxe3 24. Rxe3 e4 25. Nh4 d4 26. Rg3 e3 27. fxe3 dxe3 28. Ndf3 Qc7 29. Rg5 Qf4 30. Nxg6 hxg6 31. Rxg6 e2 32. Re1 Rcd8 33. Qb2 Qe3+ 34. Kh1 Nf5 35. Rg5 Qf4 36. Kg1 Rd1 37. Qc3 Rxe1+ 38. Nxe1 Qxg5 39. c5 Qe3+ 0-1


[Site "https://www.chess.com"]

[Event "Titled Tuesday Blitz August 1 Early 2023"]
[White "Itgelt, Khuyagtsogt"]
[Black "Papayan, Oleg"]
[WhiteFideId "4902912"]
[BlackFideId "4193911"]
[WhiteElo "2655"]
[BlackElo "2500"]
[Result "1-0"]
[Round "6"]
[TimeControl "180+1"]
[Date "2023.08.01"]
[WhiteClock "0:00:04"]
[BlackClock "0:00:03"]
[Board "85"]

1. Nf3 Nf6 2. c4 e6 3. Nc3 d5 4. d4 c5 5. cxd5 Nxd5 6. Bd2 Nc6 7. e3 cxd4 8. exd4 Be7 9. Bd3 Bf6 10. Ne4 Bxd4 11. Nxd4 Nxd4 12. Qa4+ Nc6 13. Qa3 Qe7 14. Nd6+ Kd7 15. Ne4 Qxa3 16. bxa3 b6 17. Ke2 Nd4+ 18. Ke1 Bb7 19. f3 Rac8 20. Kf2 h6 21. Rhd1 Nc2 22. Rac1 Nxa3 23. Nc3 Nc4 24. Nxd5 Nxd2 25. Rxc8 Rxc8 26. Ne3 Nxf3 27. Be4+ Kc7 28. Rc1+ Kb8 29. Rxc8+ Bxc8 30. Bxf3 Kc7 31. Ke2 Kd6 32. Kd3 Ba6+ 33. Kc3 f5 34. g3 e5 35. Nxf5+ Ke6 36. Nxg7+ Kf6 37. Nh5+ Kg5 38. h4+ Kg6 39. g4 Bf1 40. Be4+ Kf7 41. g5 Be2 42. g6+ Kg8 43. Bd5+ Kf8 44. g7+ 1-0


[Site "https://www.chess.com"]

[Event "Titled Tuesday Blitz August 1 Early 2023"]
[White "Rama, Tejas"]
[Black "benny_aizenberg"]
[WhiteFideId "30907381"]
[WhiteElo "2493"]
[BlackElo "2653"]
[Result "1/2-1/2"]
[Round "6"]
[TimeControl "180+1"]
[Date "2023.08.01"]
[WhiteClock "0:00:30"]
[BlackClock "0:00:24"]
[Board "86"]

1. d4 Nf6 2. c4 e6 3. Nf3 b6 4. g3 Ba6 5. b3 Bb4+ 6. Bd2 Be7 7. Nc3 d5 8. Bg2 c6 9. O-O dxc4 10. bxc4 O-O 11. Qb3 Nbd7 12. Bf4 Rc8 13. Qa4 Bb7 14. Qxa7 Ba8 15. Ne5 Nxe5 16. dxe5 Ne8 17. Rab1 Bc5 18. Na4 Rc7 19. Qa6 Bb7 20. Qa7 Ba8 21. Qa6 Bb7 22. Qa7 Ba8 1/2-1/2


[Site "https://www.chess.com"]